[Event "Tuesday 30 January Rapid Engine Tour 12+1 Rounds 9 Starts 1600 ST"]
[Site "Infinity Chess"]
[Date "2018.1.30"]
[Round "1"]
[White "Vimtiroba"]
[Black "angriff"]
[Result "0-1"]
[ECO "B00"]
[WhiteElo "2485"]
[BlackElo "2422"]
[WhiteEngine "Corchess 2.0a_CTG"]
[BlackEngine "Stockfish SL FA POPCNT_CTG"]
[EventType "Swiss"]
[WhiteTeam ""]
[BlackTeam ""]
[PlyCount "151"]
[TimeControl "720+1"]

1. e4 Nc6 2. d4 d5 3. e5 Bf5 4. c3 e6 5. Nf3 f6 6. Bb5 Nge7 7. exf6 gxf6 
8. Nh4 Bg6 9. O-O Qd7 10. Nd2 Nf5 11. Ndf3 O-O-O 12. Nxf5 Bxf5 13. Nh4 Be4 
14. f3 Bg6 15. Re1 Bd6 16. g3 Bf7 17. b4 Rhg8 18. Be3 Kb8 19. Rb1 a6 20. Ba4 Be8 
21. f4 Qg7 22. b5 Na5 23. bxa6 b6 24. Bc2 Bc6 25. Qh5 Nc4 26. Bc1 Qd7 
27. Bd3 Rg7 28. Ng2 Ka7 29. Rf1 Bb5 30. Re1 Bxa6 31. Qf3 Bb7 32. Qh5 Re8 
33. a4 e5 34. fxe5 fxe5 35. Rf1 Ba6 36. Ra1 Rgg8 37. Bh6 Qc6 38. Kh1 Bc8 
39. Rf6 Re6 40. Rxe6 Bxe6 41. a5 b5 42. Bxh7 Rb8 43. Re1 e4 44. Nf4 Qd7 
45. Nxe6 Qxh7 46. Ng5 Qf5 47. Qf7 Qg4 48. a6 Nb2 49. Qxd5 Nd3 50. Rf1 e3 
51. Qf3 e2 52. Rb1 e1=Q+ 53. Rxe1 Qxf3+ 54. Nxf3 Nxe1 55. Nxe1 Rh8 56. Bg7 Re8 
57. Ng2 Kxa6 58. Kg1 Ka5 59. Nh4 Ka4 60. Nf5 Bf8 61. Be5 c5 62. Bf6 b4 
63. cxb4 cxb4 64. g4 Re6 65. Bh8 b3 66. d5 Rg6 67. Kf2 Rxg4 68. Kf3 Rg8 
69. Be5 Ba3 70. d6 b2 71. Bxb2 Bxb2 72. Ke4 Kb5 73. Kd5 Rg2 74. h3 Re2 
75. d7 Rd2+ 76. Ke6 0-1

[Event "Tuesday 30 January Rapid Engine Tour 12+1 Rounds 9 Starts 1600 ST"]
[Site "Infinity Chess"]
[Date "2018.1.30"]
[Round "1"]
[White "KULLANI"]
[Black "Neoxium"]
[Result "1/2-1/2"]
[ECO "C11"]
[WhiteElo "2423"]
[BlackElo "2491"]
[WhiteEngine "BrainFish_180124_x64_CTG"]
[BlackEngine "Stockfish SL FA PB BMI2"]
[EventType "Swiss"]
[WhiteTeam ""]
[BlackTeam ""]
[PlyCount "92"]
[TimeControl "720+1"]

1. e4 e6 2. d4 d5 3. Nc3 Nf6 4. e5 Nfd7 5. f4 c5 6. Nf3 Nc6 7. Be3 Qb6 
8. Na4 Qa5+ 9. c3 c4 10. b4 Qc7 11. Be2 b5 12. Nc5 Nxc5 13. bxc5 a5 14. a3 Rb8 
15. Bd2 b4 16. cxb4 axb4 17. axb4 Nxb4 18. Bc3 Bd7 19. h4 Nc6 20. h5 Be7 
21. Qd2 O-O 22. h6 g6 23. Kf2 Rfe8 24. g3 Rb7 25. Ra6 Ra7 26. Rxa7 Nxa7 
27. g4 Nb5 28. Ra1 Qb7 29. g5 Nxc3 30. Qxc3 Ra8 31. Rxa8+ Qxa8 32. Kg2 Qa2 
33. Kf2 Bd8 34. Qb4 Qb3 35. Qxb3 cxb3 36. Ke3 b2 37. Bd3 Kf8 38. Ng1 Bb5 
39. Bb1 Ba4 40. Nh3 Ba5 41. Nf2 Be1 42. Bd3 Kg8 43. Nh3 Bb5 44. Bb1 Kf8 
45. Nf2 Ba4 46. Bd3 Kg8 1/2-1/2

[Event "Tuesday 30 January Rapid Engine Tour 12+1 Rounds 9 Starts 1600 ST"]
[Site "Infinity Chess"]
[Date "2018.1.30"]
[Round "1"]
[White "MCDermont"]
[Black "BraveDevil"]
[Result "1/2-1/2 "]
[ECO "C55"]
[WhiteElo "2501"]
[BlackElo "2424"]
[WhiteEngine "BrainFish 060118_CTG"]
[BlackEngine "Cryptic AIL V2"]
[EventType "Swiss"]
[WhiteTeam ""]
[BlackTeam ""]
[PlyCount "128"]
[TimeControl "720+1"]

1. e4 e5 2. Nf3 Nc6 3. Bc4 Nf6 4. d3 Bc5 5. c3 d6 6. Bb3 O-O 7. O-O a5 8. Bg5 h6 
9. Bh4 g5 10. Bg3 g4 11. Nh4 Nh5 12. a4 Qg5 13. Na3 Kg7 14. Nb5 Nxg3 
15. hxg3 Bb6 16. Na3 h5 17. Nc4 Ba7 18. Kh2 f5 19. exf5 Bxf5 20. Ne3 Ne7 
21. d4 Bh7 22. Bc2 e4 23. Qd2 Nd5 24. Nc4 Qxd2 25. Nxd2 Rae8 26. Nc4 e3 
27. Bxh7 e2 28. Bd3 exf1=Q 29. Rxf1 Nb6 30. Nxa5 Nxa4 31. Bb5 Nxb2 32. Bxe8 Rxe8 
33. Nf5+ Kf6 34. Ne3 Ke6 35. Nxb7 Bb6 36. Ra1 Nd3 37. Ra2 Rb8 38. Rd2 Ne5 
39. Nc5+ Bxc5 40. dxc5 dxc5 41. Re2 Kd6 42. Nf5+ Ke6 43. Ne7 Re8 44. Nc6 Kd5 
45. Nxe5 Rxe5 46. Rxe5+ Kxe5 47. f3 c4 48. Kg1 Ke6 49. Kf1 Kd7 50. fxg4 hxg4 
51. Ke1 c6 52. Kd1 Kd6 53. Ke2 Ke5 54. Ke3 c5 55. Kf2 Ke4 56. Ke2 Kf5 
57. Ke3 Ke5 58. Kd2 Ke4 59. Ke2 Kd5 60. Kd1 Ke4 61. Kd2 Kf5 62. Kd1 Kg5 
63. Kc2 Kg6 64. Kd2 Kf5 1/2-1/2

[Event "Tuesday Night Engine Tour 13 Rd Swiss 5m+1s Starts at 2200hrs"]
[Site "Infinity Chess"]
[Date "2018.1.31"]
[Round "13"]
[White "Victorious"]
[Black "localhero"]
[Result "1-0"]
[ECO "C55"]
[WhiteElo "2527"]
[BlackElo "2484"]
[WhiteEngine "BugChess2.41_Release"]
[BlackEngine "asmfish-popcnt-012018-W"]
[EventType "Swiss"]
[WhiteTeam ""]
[BlackTeam ""]
[PlyCount "171"]
[TimeControl "300+1"]

1. e4 e5 2. Nf3 Nc6 3. Bc4 Nf6 4. d3 Bc5 5. O-O d6 6. c3 a5 7. Nbd2 O-O 
8. a4 Bb6 9. h3 h6 10. Re1 Be6 11. Ra2 Nd7 12. b3 Qf6 13. Nf1 Rfe8 14. Ng3 Bxc4 
15. bxc4 Kh7 16. Rd2 Qe6 17. Qe2 Nc5 18. Qd1 Nd7 19. Qe2 Nc5 20. Ra2 Nd7 
21. Nh4 Rg8 22. Nhf5 Rge8 23. Rb2 Nf6 24. Be3 Bxe3 25. Qxe3 Reb8 26. Nxg7 Kxg7 
27. Nf5+ Kg8 28. d4 exd4 29. cxd4 Ne7 30. Nxh6+ Kf8 31. Qc1 Nfg8 32. Ng4 b6 
33. Rb3 Qg6 34. Rf3 Nc6 35. Rg3 Qh5 36. Qc3 Re8 37. f4 Qh8 38. e5 Rad8 
39. d5 Nb4 40. Kh2 Na6 41. Nf2 Nc5 42. Rg5 f6 43. e6 Qh7 44. Rxg8+ Kxg8 
45. Qxf6 Qg7 46. Qh4 Qh7 47. Qg5+ Qg7 48. Qh5 Qh7 49. Qf3 Qf5 50. Qg3+ Kh8 
51. Ng4 Ra8 52. Qh4+ Qh7 53. Qf6+ Qg7 54. Qh4+ Qh7 55. Nh6 Kg7 56. Qg3+ Qg6 
57. Nf5+ Kh7 58. Qh4+ Kg8 59. Ng3 Rf8 60. e7 Qf6 61. Qg4+ Qg7 62. exf8=Q+ Rxf8 
63. Qh4 Qf6 64. Qg4+ Qg7 65. Qf3 Qg6 66. Nh5 Nd7 67. Re6 Nf6 68. Qc3 Qxh5 
69. Rxf6 Rxf6 70. Qxf6 Qe8 71. f5 Qe5+ 72. Qxe5 dxe5 73. Kg3 Kf8 74. Kf3 Ke7 
75. Ke4 Kd7 76. Kxe5 Ke7 77. f6+ Kd7 78. g4 b5 79. c5 b4 80. c6+ Ke8 81. Ke6 b3 
82. d6 Kf8 83. dxc7 Kg8 84. c8=Q+ Kh7 85. Qb7+ Kg6 86. Qg7# 1-0

[Event "Tuesday Night Engine Tour 13 Rd Swiss 5m+1s Starts at 2200hrs"]
[Site "Infinity Chess"]
[Date "2018.1.31"]
[Round "13"]
[White "incredible"]
[Black "KillBill2017"]
[Result "1-0"]
[ECO "A43"]
[WhiteElo "2509"]
[BlackElo "2451"]
[WhiteEngine "Stockfish_x64_bmi2"]
[BlackEngine "Raubfisch ME262_GTZ16b4_CTG"]
[EventType "Swiss"]
[WhiteTeam ""]
[BlackTeam ""]
[PlyCount "195"]
[TimeControl "300+1"]

1. d4 c5 2. d5 d6 3. e4 Nf6 4. Bd3 g6 5. c4 e5 6. Nc3 a6 7. Nge2 Nbd7 8. O-O h5 
9. h3 Nh7 10. a3 Be7 11. Nb1 O-O 12. Nd2 Rb8 13. Nc3 Bg5 14. Rb1 b6 15. b4 Kg7 
16. Qc2 Bf4 17. Rd1 Bb7 18. Bb2 Re8 19. Ne2 Bh6 20. Nc3 Nhf6 21. Nf3 Ra8 
22. Ra1 Qe7 23. b5 a5 24. a4 Nh7 25. Re1 Rab8 26. Rf1 Kg8 27. Rae1 Rbd8 
28. Nh2 Bc8 29. Ne2 Ndf6 30. Nf3 Ng5 31. Nxg5 Bxg5 32. f4 Bh4 33. fxe5 dxe5 
34. Rd1 Rd6 35. Kh1 Nh7 36. Qc3 Bg5 37. Ng1 Bf6 38. Bc2 Bg5 39. Qg3 Bd7 
40. Bc3 Bh6 41. Bd3 g5 42. Nf3 Bg7 43. Rfe1 Rh6 44. Bc2 h4 45. Qf2 g4 
46. hxg4 Bxg4 47. Bd2 Rh5 48. Nh2 Bc8 49. Rf1 Qf6 50. Qxf6 Nxf6 51. Rde1 Rh8 
52. Bg5 Nh5 53. Bxh4 Nf4 54. g3 f6 55. gxf4 Rxh4 56. f5 Bh6 57. Kg2 Bf4 
58. Rh1 Re7 59. Nf3 Rg4+ 60. Kf1 Reg7 61. Re2 Bd7 62. Ne1 Rg3 63. Reh2 Kf8 
64. Bd1 Rg8 65. Bf3 R3g7 66. Rh3 Bc8 67. Nd3 Be3 68. Ke2 Bg5 69. R3h2 Bd7 
70. Bh5 Ke7 71. Bg6 Be8 72. Rh7 Kd7 73. Rxg7+ Rxg7 74. Rh5 Rg8 75. Nxe5+ fxe5 
76. Rxg5 Ke7 77. Kf3 Rg7 78. Rg3 Bd7 79. Rh3 Kd8 80. Rh8+ Kc7 81. Bh5 Rg1 
82. Kf2 Rh1 83. f6 Rh2+ 84. Kg3 Rh3+ 85. Kg2 Rh4 86. f7 Rf4 87. f8=Q Rxf8 
88. Rxf8 Bc8 89. d6+ Kxd6 90. Rxc8 Ke7 91. Rc6 Kd7 92. Kg3 Kd8 93. Kg4 Kd7 
94. Kf5 Ke7 95. Kxe5 Kd7 96. Kf6 Kd8 97. Bg4 Ke8 98. Rc8# 1-0

[Event "Tuesday Night Engine Tour 13 Rd Swiss 5m+1s Starts at 2200hrs"]
[Site "Infinity Chess"]
[Date "2018.1.31"]
[Round "13"]
[White "koalachess"]
[Black "MarioDeMonti"]
[Result "1/2-1/2"]
[ECO "B22"]
[WhiteElo "2272"]
[BlackElo "2523"]
[WhiteEngine "asmFishW_2017-11-19_popcnt_CTG"]
[BlackEngine "stockfish_x64_bmi2_2018_01_23_CTG"]
[EventType "Swiss"]
[WhiteTeam ""]
[BlackTeam ""]
[PlyCount "97"]
[TimeControl "300+1"]

1. e4 c5 2. c3 d5 3. exd5 Qxd5 4. d4 Nf6 5. Nf3 e6 6. Na3 a6 7. Nc4 Nbd7 
8. Be2 b5 9. Ne3 Qc6 10. a4 Bb7 11. axb5 axb5 12. Rxa8+ Bxa8 13. dxc5 Qxc5 
14. Nd4 b4 15. Qa4 Qc8 16. O-O bxc3 17. bxc3 Bc5 18. Nb3 O-O 19. Nxc5 Nxc5 
20. Qa7 Rd8 21. Ba3 Nfe4 22. Rd1 Nxc3 23. Rxd8+ Qxd8 24. Bf3 N5e4 25. Bb2 Nb5 
26. Qa1 f6 27. Qa4 Nbd6 28. Bg4 Kh8 29. Bxe6 Nc5 30. Qa2 Nxe6 31. Qxe6 h6 
32. h3 Ne4 33. Qg4 Qd2 34. Qc8+ Kh7 35. Qf5+ g6 36. Qf4 Qxb2 37. Qc7+ Kg8 
38. Qd8+ Kf7 39. Qd7+ Kg8 40. Qe8+ Kh7 41. Qf7+ Kh8 42. Qe8+ Kg7 43. Qe7+ Kh8 
44. Qf8+ Kh7 45. Qf7+ Kh8 46. Qe8+ Kg7 47. Qe7+ Kh8 48. Qf8+ Kh7 49. Qf7+ 
1/2-1/2

[Event "Tuesday Night Engine Tour 13 Rd Swiss 5m+1s Starts at 2200hrs"]
[Site "Infinity Chess"]
[Date "2018.1.31"]
[Round "13"]
[White "BraveDevil"]
[Black "RonWeasley"]
[Result "1/2-1/2"]
[ECO "C00"]
[WhiteElo "2422"]
[BlackElo "2544"]
[WhiteEngine "Cryptic AIL V2"]
[BlackEngine "BrainFish 060118_CTG"]
[EventType "Swiss"]
[WhiteTeam ""]
[BlackTeam ""]
[PlyCount "162"]
[TimeControl "300+1"]

1. e4 e6 2. Nc3 d5 3. d4 Nf6 4. Bg5 Bb4 5. e5 h6 6. exf6 hxg5 7. fxg7 Rg8 
8. a3 Be7 9. Qh5 Rxg7 10. h4 gxh4 11. Nf3 Nd7 12. Qh8+ Bf8 13. Bd3 Nf6 
14. Kf1 h3 15. Rxh3 Bd7 16. Ne5 Qe7 17. Qh4 O-O-O 18. Re1 Be8 19. g3 Nd7 
20. Qxe7 Bxe7 21. Nf3 Nf6 22. Nd1 c5 23. dxc5 Bxc5 24. Ne3 Rg8 25. Rh4 Kb8 
26. c3 Bd6 27. Bc2 Bd7 28. Kg2 Bc7 29. Rd1 Rh8 30. Rdh1 Rhg8 31. Rd1 Ne8 
32. Ng4 f6 33. Kf1 Bb6 34. Nd4 Rf8 35. Rh7 Bc8 36. Ne3 f5 37. Re7 Nc7 
38. Ng2 Bc5 39. Rh7 Ne8 40. Rh4 Nf6 41. Nf4 e5 42. Nfe6 exd4 43. Nxc5 dxc3 
44. bxc3 Rf7 45. Kg2 Rc7 46. Nb3 Ne4 47. Nd4 Nxc3 48. Rc1 Ne4 49. Rd1 Rf8 
50. f3 Nd6 51. a4 Nc4 52. Re1 Na5 53. Kf2 Rc5 54. Rb1 Rc4 55. Rf4 Nc6 
56. Nxc6+ Rxc6 57. Bd3 Kc7 58. g4 Kd6 59. Kg3 Rc7 60. Rh1 Rcf7 61. Rh6+ Kc5 
62. g5 Rg8 63. Kh4 d4 64. a5 b5 65. axb6 axb6 66. g6 Rf6 67. Kg5 Rd6 
68. Rfh4 Bd7 69. Rh2 Bb5 70. Bxf5 d3 71. Rd2 Kd4 72. Rh7 Ke3 73. Rd1 d2 
74. f4 Rd5 75. Re7+ Kf2 76. Re5 Rxe5 77. fxe5 Ke3 78. Be6 Be2 79. Rg1 d1=Q 
80. Rxd1 Rxg6+ 81. Kxg6 Bxd1 1/2-1/2

[Event "Tuesday Night Engine Tour 13 Rd Swiss 5m+1s Starts at 2200hrs"]
[Site "Infinity Chess"]
[Date "2018.1.31"]
[Round "13"]
[White "Coco69"]
[Black "SkyPilot"]
[Result "1/2-1/2"]
[ECO "B90"]
[WhiteElo "2475"]
[BlackElo "2497"]
[WhiteEngine "Raubfisch X37c_CTG"]
[BlackEngine "stockfish_x64_bmi2_2018_01_23_CTG"]
[EventType "Swiss"]
[WhiteTeam ""]
[BlackTeam ""]
[PlyCount "137"]
[TimeControl "300+1"]

1. e4 c5 2. Nf3 d6 3. d4 cxd4 4. Nxd4 Nf6 5. Nc3 a6 6. Be3 e5 7. Nb3 Be6 
8. f3 h5 9. Qd2 Nbd7 10. Nd5 Bxd5 11. exd5 g6 12. Be2 Bg7 13. O-O b6 14. c4 O-O 
15. Rae1 Re8 16. Bf2 Qc7 17. Bd3 Kh7 18. a4 Bh6 19. Qd1 Rab8 20. Kh1 Bg5 
21. g3 Kg7 22. h4 Bh6 23. Kg2 Nc5 24. Nxc5 bxc5 25. Re2 Qd7 26. Be1 Ng8 
27. Bc3 Kh7 28. Ree1 Bg7 29. Bc2 Nh6 30. Rf2 Rf8 31. Rff1 Rb7 32. b3 Kg8 
33. Rf2 Re8 34. Bd2 Nf5 35. Bxf5 Qxf5 36. g4 Qc8 37. gxh5 Bf6 38. Rh1 Qf5 
39. hxg6 Reb8 40. Qb1 Qxb1 41. Rxb1 Bxh4 42. Re2 Rxb3 43. Rh1 Bf6 44. gxf7+ Kxf7 
45. Rh7+ Kg6 46. Rh6+ Kg7 47. Kh2 Rh8 48. Rxh8 Kxh8 49. Kg3 Kg7 50. Rh2 e4 
51. Kg4 e3 52. Be1 Kg6 53. f4 Rb1 54. Bg3 Rg1 55. a5 Bg7 56. Re2 Bd4 57. Rc2 Kg7 
58. Kf3 Kf7 59. f5 Kf6 60. Bxd6 Kxf5 61. Rh2 Rf1+ 62. Ke2 Rc1 63. Kf3 Rxc4 
64. Bf4 e2 65. Rh5+ Kg6 66. Rh6+ Kf5 67. Rh5+ Kg6 68. Rh6+ Kf5 69. Rh5+ 1/2-1/2

[Event "Tuesday Night Engine Tour 13 Rd Swiss 5m+1s Starts at 2200hrs"]
[Site "Infinity Chess"]
[Date "2018.1.31"]
[Round "13"]
[White "Time_bandit"]
[Black "Dovahkiin"]
[Result "1/2-1/2"]
[ECO "D05"]
[WhiteElo "2545"]
[BlackElo "2500"]
[WhiteEngine "asmfish-popcnt-012018-W"]
[BlackEngine "BrainFish_180128_x64_modern_CTG"]
[EventType "Swiss"]
[WhiteTeam ""]
[BlackTeam ""]
[PlyCount "117"]
[TimeControl "300+1"]

1. d4 d5 2. Nf3 Nf6 3. e3 e6 4. Bd3 c5 5. b3 Nc6 6. Bb2 cxd4 7. exd4 Bd6 
8. Nbd2 O-O 9. a3 b6 10. O-O Bb7 11. Ne5 Ne7 12. Qe2 Rc8 13. Rae1 Ng6 14. f4 Qe7 
15. Qe3 a5 16. a4 Bb4 17. Re2 Bc3 18. Bxc3 Rxc3 19. Nb1 Rc7 20. f5 exf5 
21. Rxf5 Qb4 22. c3 Qd6 23. Qg3 Nxe5 24. Qxe5 Rd8 25. Qxd6 Rxd6 26. Rf1 Rd8 
27. Kf2 g6 28. Ke1 Ne4 29. Bxe4 dxe4 30. Rf6 Bc6 31. Kd2 Kg7 32. Rf4 h5 
33. Ke3 f5 34. Rf1 Rcd7 35. g3 h4 36. Rg2 hxg3 37. hxg3 b5 38. axb5 Bxb5 
39. Rc1 Bd3 40. Rh2 a4 41. bxa4 Rc7 42. Nd2 Rdc8 43. c4 Bxc4 44. Nxc4 Rxc4 
45. Rxc4 Rxc4 46. Ra2 Rc3+ 47. Kf2 Rc6 48. Ke3 Ra6 49. a5 Kf6 50. g4 Ke6 
51. gxf5+ gxf5 52. Kf4 Kd5 53. Ra1 Kc4 54. Kxf5 e3 55. Ra2 e2 56. Rxe2 Kxd4 
57. Re4+ Kc3 58. Re5 Kb4 59. Ke4 1/2-1/2

[Event "Tuesday Night Engine Tour 13 Rd Swiss 5m+1s Starts at 2200hrs"]
[Site "Infinity Chess"]
[Date "2018.1.31"]
[Round "13"]
[White "Ryzen"]
[Black "MGR"]
[Result "1/2-1/2"]
[ECO "E15"]
[WhiteElo "2468"]
[BlackElo "2540"]
[WhiteEngine "Houdini 6"]
[BlackEngine "asmFishW_2017-08-25_bmi2"]
[EventType "Swiss"]
[WhiteTeam ""]
[BlackTeam ""]
[PlyCount "117"]
[TimeControl "300+1"]

1. d4 Nf6 2. c4 e6 3. Nf3 b6 4. g3 Ba6 5. b3 Bb4+ 6. Bd2 Be7 7. Bg2 c6 8. Bc3 d5 
9. O-O Nbd7 10. Nbd2 O-O 11. Re1 c5 12. e4 dxe4 13. Nxe4 Bb7 14. Nxf6+ Bxf6 
15. Qc2 cxd4 16. Nxd4 Bxg2 17. Kxg2 Qc7 18. Rad1 Rfd8 19. Nf3 Bxc3 20. Qxc3 Rac8 
21. Re4 a5 22. h4 Nc5 23. Rg4 g6 24. Rgd4 f6 25. a3 e5 26. Rd5 Ne6 27. h5 Kg7 
28. Qe3 Rxd5 29. Rxd5 Rd8 30. Qd2 Rxd5 31. Qxd5 Nd8 32. Nd2 gxh5 33. Ne4 Qc6 
34. Nc3 Qc8 35. Qf3 Qe6 36. Qxh5 Nf7 37. Qh3 Qc6+ 38. Nd5 Ng5 39. Qf5 b5 
40. f3 a4 41. Ne7 Qe6 42. Qxe6 Nxe6 43. bxa4 bxa4 44. Nd5 Kf7 45. g4 Nc5 
46. Kg3 Ke6 47. Kf2 f5 48. gxf5+ Kxf5 49. Kg3 h6 50. Kh4 e4 51. fxe4+ Kxe4 
52. Kh5 Kd3 53. Nb6 Nb3 54. Kxh6 Kd4 55. Kh5 Kc5 56. Nxa4+ Kd4 57. Nb6 Kc5 
58. Nd5 Kxc4 59. Ne7 1/2-1/2

[Event "Tuesday Night Engine Tour 13 Rd Swiss 5m+1s Starts at 2200hrs"]
[Site "Infinity Chess"]
[Date "2018.1.31"]
[Round "13"]
[White "MCDermont"]
[Black "star99"]
[Result "1/2-1/2"]
[ECO "B96"]
[WhiteElo "2576"]
[BlackElo "2463"]
[WhiteEngine "BrainFish 060118_CTG"]
[BlackEngine "Cryptic AIL V2"]
[EventType "Swiss"]
[WhiteTeam ""]
[BlackTeam ""]
[PlyCount "127"]
[TimeControl "300+1"]

1. e4 c5 2. Nf3 d6 3. d4 cxd4 4. Nxd4 Nf6 5. Nc3 a6 6. Bg5 e6 7. f4 h6 
8. Bh4 Qb6 9. Qd2 Qxb2 10. Rb1 Qa3 11. e5 dxe5 12. fxe5 Nfd7 13. Ne4 Qxa2 
14. Rd1 Qd5 15. Qe3 Qxe5 16. Be2 Bc5 17. Bg3 Qd5 18. c4 Bxd4 19. Rxd4 Qa5+ 
20. Rd2 O-O 21. Bd6 f5 22. Bxf8 Nxf8 23. Nd6 Nbd7 24. O-O Qc5 25. Qxc5 Nxc5 
26. Rb1 a5 27. Bh5 a4 28. Rb5 Nfd7 29. Bf7+ Kh7 30. Nxc8 a3 31. Nb6 Nxb6 
32. Rxc5 a2 33. Rxa2 Rxa2 34. Bxe6 Kg6 35. Bxf5+ Kf6 36. Be4 Ra1+ 37. Kf2 Ra4 
38. Bxb7 Nxc4 39. Rc6+ Ke5 40. g3 Ra2+ 41. Kg1 Ne3 42. Rb6 Nf5 43. Rb5+ Kf6 
44. Be4 Ra1+ 45. Kf2 Ra2+ 46. Kg1 Nd6 47. Rb6 Ke7 48. Bd5 Rd2 49. Bg2 h5 
50. Bf3 g6 51. h3 Rd4 52. Kf2 Rd2+ 53. Ke1 Ra2 54. g4 h4 55. Kf1 Ra4 56. Rc6 Nf7 
57. Bd5 Ng5 58. Rxg6 Nxh3 59. Re6+ Kf8 60. Re4 Rxe4 61. Bxe4 Ke7 62. Bd5 Kd6 
63. Bg8 Ke5 64. Ba2 1/2-1/2

[Event "Tuesday Night Engine Tour 13 Rd Swiss 5m+1s Starts at 2200hrs"]
[Site "Infinity Chess"]
[Date "2018.1.31"]
[Round "12"]
[White "KillBill2017"]
[Black "Victorious"]
[Result "1/2-1/2"]
[ECO "D30"]
[WhiteElo "2448"]
[BlackElo "2530"]
[WhiteEngine "Raubfisch ME262_GTZ16b4_CTG"]
[BlackEngine "BugChess2.41_Release"]
[EventType "Swiss"]
[WhiteTeam ""]
[BlackTeam ""]
[PlyCount "127"]
[TimeControl "300+1"]

1. d4 d5 2. c4 e6 3. Nf3 Nf6 4. Nc3 c6 5. Bg5 h6 6. Bxf6 Qxf6 7. e3 Nd7 
8. Be2 g6 9. O-O Bg7 10. e4 dxe4 11. Nxe4 Qf4 12. Qc2 f5 13. Ned2 c5 14. g3 Qc7 
15. Nh4 Bxd4 16. Nxg6 Rg8 17. Nh4 Nf6 18. Ndf3 Rxg3+ 19. hxg3 Qxg3+ 20. Ng2 Ng4 
21. Qd2 Bxf2+ 22. Rxf2 Qxf2+ 23. Kh1 Bd7 24. Rf1 Qg3 25. Qe1 Qxe1 26. Nfxe1 Ne5 
27. Nf3 Ng6 28. Kg1 Bc6 29. Kf2 Ke7 30. b3 Kf6 31. Rd1 a5 32. Nfh4 Nxh4 
33. Nxh4 a4 34. Bf3 axb3 35. axb3 Ra2+ 36. Kg3 Rb2 37. Bxc6 bxc6 38. Nf3 Rxb3 
39. Kf4 Rc3 40. Ne5 Rc2 41. Rh1 Rf2+ 42. Ke3 Rg2 43. Nxc6 Kg5 44. Ne5 f4+ 
45. Kf3 Rg3+ 46. Kf2 Re3 47. Nc6 h5 48. Nd8 h4 49. Nb7 h3 50. Nxc5 Kf5 
51. Nb7 Rc3 52. Nd6+ Ke5 53. Ne8 Rg3 54. c5 Rg2+ 55. Kf3 Rg3+ 56. Ke2 Rg8 
57. Nd6 Rg3 58. Nf7+ Kd5 59. Kf2 Kxc5 60. Re1 h2 61. Rd1 Rg1 62. Rxg1 hxg1=Q+ 
63. Kxg1 Kd4 64. Ng5 1/2-1/2

[Event "Tuesday Night Engine Tour 13 Rd Swiss 5m+1s Starts at 2200hrs"]
[Site "Infinity Chess"]
[Date "2018.1.31"]
[Round "12"]
[White "Dovahkiin"]
[Black "koalachess"]
[Result "1-0 "]
[ECO "C14"]
[WhiteElo "2492"]
[BlackElo "2280"]
[WhiteEngine "BrainFish_180128_x64_modern_CTG"]
[BlackEngine "asmFishW_2017-11-19_popcnt_CTG"]
[EventType "Swiss"]
[WhiteTeam ""]
[BlackTeam ""]
[PlyCount "166"]
[TimeControl "300+1"]

1. e4 e6 2. d4 d5 3. Nc3 Nf6 4. Bg5 Be7 5. e5 Nfd7 6. Bxe7 Qxe7 7. f4 O-O 
8. Nf3 c5 9. dxc5 Nxc5 10. Qd2 a6 11. Qe3 b5 12. a3 Qa7 13. Ne2 Na4 
14. Qxa7 Rxa7 15. b3 Nc5 16. Ned4 Rc7 17. O-O-O Ne4 18. Rg1 h5 19. Kb2 Re8 
20. Re1 Nc6 21. Nxc6 Rxc6 22. Bd3 Nc5 23. Be2 g6 24. Nd4 Rc7 25. h4 Kf8 
26. g4 hxg4 27. Rxg4 Ke7 28. h5 gxh5 29. Rg5 Rh8 30. Rxh5 Rxh5 31. Bxh5 Bd7 
32. Rg1 Kf8 33. Rh1 Kg7 34. Bf3 Rc8 35. Bg4 Kg8 36. Kc3 Rc7 37. Bf3 a5 
38. Be2 Ne4+ 39. Kb2 Nc3 40. Bd3 b4 41. axb4 axb4 42. Ra1 Rb7 43. Ra5 f5 
44. Ra8+ Kf7 45. Rh8 Ne4 46. Be2 Kg7 47. Rd8 Kf7 48. Bh5+ Ke7 49. Rg8 Rb6 
50. Rh8 Nc3 51. Be2 Kf7 52. Rd8 Ke7 53. Rh8 Kf7 54. Kc1 Nxe2+ 55. Nxe2 Kg7 
56. Rd8 Rb7 57. Kd2 Kg6 58. Nd4 Kf7 59. Rh8 Kg7 60. Ra8 Kf7 61. Nf3 Bb5 
62. Rh8 Kg7 63. Rd8 Kf7 64. Rh8 Kg7 65. Rc8 Bd7 66. Ra8 Kf7 67. Ke3 Kg6 
68. Kd4 Rc7 69. Ne1 Kh5 70. Rh8+ Kg6 71. Rf8 Kg7 72. Rb8 Kg6 73. Rxb4 Kh5 
74. Nd3 Kg4 75. Rb8 Bc8 76. c3 Kf3 77. Rb6 Ra7 78. Rc6 Bd7 79. Rd6 Bb5 
80. Nc5 Kxf4 81. Nxe6+ Kg3 82. Rd8 Be2 83. Rf8 Ra1 1-0

[Event "Tuesday Night Engine Tour 13 Rd Swiss 5m+1s Starts at 2200hrs"]
[Site "Infinity Chess"]
[Date "2018.1.31"]
[Round "12"]
[White "localhero"]
[Black "Ryzen"]
[Result "1/2-1/2"]
[ECO "A81"]
[WhiteElo "2485"]
[BlackElo "2467"]
[WhiteEngine "asmfish-popcnt-012018-W"]
[BlackEngine "Houdini 6"]
[EventType "Swiss"]
[WhiteTeam ""]
[BlackTeam ""]
[PlyCount "115"]
[TimeControl "300+1"]

1. d4 f5 2. g3 Nf6 3. Bg2 g6 4. Nf3 Bg7 5. O-O O-O 6. c4 d6 7. Nc3 Qe8 8. d5 a5 
9. Be3 Nbd7 10. Qc1 c6 11. Rd1 Ng4 12. Bf4 Nc5 13. h3 Nf6 14. Bh6 Bd7 
15. Bxg7 Kxg7 16. Nd4 Nce4 17. Qe3 Qf7 18. Rac1 Rac8 19. Nf3 cxd5 20. Nxd5 Nxd5 
21. cxd5 Qf6 22. Nd4 Qe5 23. f4 Qxd5 24. Nxf5+ Qxf5 25. Bxe4 Qe6 26. Kf2 b6 
27. a3 a4 28. Qd4+ Qf6 29. Qxb6 Bxh3 30. Rxc8 Rxc8 31. Qd4 Be6 32. Qxf6+ Kxf6 
33. Rd4 Bb3 34. Bd3 Rc1 35. Re4 Rd1 36. Bb5 Rd2 37. Bxa4 Bxa4 38. Rxa4 Rxb2 
39. Ra7 h5 40. Ra8 e5 41. Rf8+ Ke6 42. Re8+ Kf6 43. Rf8+ Ke6 44. Re8+ Kf7 
45. Ra8 exf4 46. gxf4 Kf6 47. a4 Kf5 48. Kf3 Rb3+ 49. e3 d5 50. a5 d4 
51. Rf8+ Ke6 52. Re8+ Kd7 53. Re4 Rxe3+ 54. Rxe3 dxe3 55. Kxe3 Kc6 56. a6 Kb6 
57. Ke4 Kxa6 58. f5 1/2-1/2

[Event "Tuesday Night Engine Tour 13 Rd Swiss 5m+1s Starts at 2200hrs"]
[Site "Infinity Chess"]
[Date "2018.1.31"]
[Round "12"]
[White "MGR"]
[Black "Coco69"]
[Result "1-0 "]
[ECO "C50"]
[WhiteElo "2525"]
[BlackElo "2490"]
[WhiteEngine "asmFishW_2017-08-25_bmi2"]
[BlackEngine "Raubfisch X37c_CTG"]
[EventType "Swiss"]
[WhiteTeam ""]
[BlackTeam ""]
[PlyCount "242"]
[TimeControl "300+1"]

1. e4 e5 2. Nf3 Nc6 3. Bc4 Bc5 4. O-O Nf6 5. d3 d6 6. c3 a5 7. Re1 h6 
8. Nbd2 O-O 9. Nf1 a4 10. Ng3 Ra5 11. h3 Bb6 12. Qc2 Bd7 13. Rb1 Qe8 14. b4 axb3 
15. axb3 Be6 16. Bd2 Bxc4 17. bxc4 Qe6 18. Nh4 Rfa8 19. Qc1 Ne7 20. Nhf5 Kh7 
21. Bxh6 Nxe4 22. Nxe4 Qxf5 23. Be3 Bxe3 24. Rxe3 Qc8 25. Rf3 f6 26. d4 b6 
27. Qd1 Ng8 28. c5 bxc5 29. dxe5 dxe5 30. Kh2 Qe8 31. Rb7 Qc6 32. Rg3 Nh6 
33. Qb1 Kg8 34. Nd2 Rf8 35. Qg6 Nf5 36. Qxf5 Qxb7 37. Ne4 Ra6 38. Nxc5 Qc6 
39. Nxa6 Qxa6 40. h4 Qc4 41. Kh3 Qf1 42. Kh2 Qc4 43. Kh3 Qf1 44. Rg4 Qd1 
45. Kh2 Rf7 46. Rb4 Qd8 47. h5 Qe8 48. Kg1 Qd8 49. Kh2 Qd6 50. Kg3 Rd7 
51. Kh2 Rf7 52. f3 Qd8 53. Kh3 Qe8 54. Qg6 Kh8 55. Re4 Qc8+ 56. Rg4 Qe8 
57. Rb4 Qf8 58. Qf5 Qe8 59. Kg3 Kg8 60. Kh2 Kh8 61. Kg1 Qf8 62. Rg4 Qa3 
63. Kh2 Qd6 64. Rb4 Rf8 65. Kh3 Rf7 66. Qc8+ Rf8 67. Qf5 Rd8 68. Qg6 Qd7+ 
69. Kh2 Qe8 70. Rc4 Qxg6 71. hxg6 Rd7 72. Ra4 Rd8 73. Rc4 Rd7 74. Ra4 Rd8 
75. Kg3 Kg8 76. Kg4 Kf8 77. Kf5 Kg8 78. Ra7 Rc8 79. c4 Kf8 80. Ke6 Re8+ 
81. Kd5 f5 82. Rxc7 e4 83. fxe4 fxe4 84. Rf7+ Kg8 85. Rf2 e3 86. Re2 Rd8+ 
87. Ke4 Kf8 88. Rxe3 Rd2 89. Rf3+ Ke7 90. Rf7+ Ke6 91. Rxg7 Rd8 92. Rb7 Rc8 
93. Rb6+ Ke7 94. g7 Kf7 95. g8=Q+ Rxg8 96. Kf3 Rc8 97. Rb4 Ke6 98. Ke4 Rg8 
99. Rb6+ Ke7 100. Rb2 Ke6 101. Kf3 Rc8 102. Re2+ Kf6 103. Re4 Rc7 104. Ke3 Kf7 
105. Kd4 Rd7+ 106. Kc5 Kf8 107. Kc6 Rg7 108. g4 Rg6+ 109. Kb5 Rg7 110. c5 Rb7+ 
111. Ka6 Rc7 112. Kb6 Rc8 113. c6 Rb8+ 114. Ka7 Rb3 115. c7 Rc3 116. Kb6 Kg7 
117. Re5 Rb3+ 118. Kc6 Rc3+ 119. Rc5 Rxc5+ 120. Kxc5 Kf6 121. c8=Q Kg5 1-0